 Dungeon Crawl Stone Soup version 0.29-a0-717-g6dac4ea423 (webtiles) character file.

Game seed: 4235456337532316557

224 wilfster70 the Basher (level 6, -1/53 HPs)
             Began as a Gnoll Wanderer on June 26, 2022.
             Killed by nerve-wracking pain
             ... invoked by Grinder
              (14 damage)
             ... in a sewer.
             The game lasted 00:09:07 (3292 turns).

wilfster70 the Basher (Gnoll Wanderer)              Turns: 3292, Time: 00:09:07

Health: -1/53      AC: 13    Str: 14      XL:     6   Next: 0%
Magic:  8/8        EV:  6    Int: 11      God:
Gold:   146        SH:  0    Dex: 10 (11) Spells: 8/8 levels left

rFire   + . .      SeeInvis .   g - +7 quarterstaff of the Devouring Sybil {venom, Dex+3}
rCold   . . .      Faith    .   (shield currently unavailable)
rNeg    . . .      Spirit   .   b - +4 chain mail "Ychegih" {rPois rF+ rCorr Dex-3}
rPois   +          Reflect  .   (no helmet)
rElec   .          Harm     .   k - scarf {repulsion}
rCorr   +          Rampage  .   (no gloves)
Will    .....                   e - +0 pair of boots
Stlth   ..........              (no amulet)
HPRegen 0.17/turn               (no ring)
MPRegen 0.11/turn               (no ring)

@: confused, ambrosia-drunk, repel missiles
A: fangs 1, strong nose, distributed training
a: no special abilities


You were in a sewer.
You visited 1 branch of the dungeon, and saw 4 of its levels.
You also visited: Sewer.

You collected 146 gold pieces.

Inventory:

Hand Weapons
 a - a +2 mace of draining
 g - the +7 quarterstaff of the Devouring Sybil (weapon) {venom, Dex+3}
   (You found it on level 3 of the Dungeon)

   It poisons the flesh of those it strikes.
   Dex:       It affects your dexterity (+3).
Missiles
 f - 6 javelins (quivered)
Armour
 b - the +4 chain mail "Ychegih" (worn) {rPois rF+ rCorr Dex-3}
   (You found it on level 2 of the Dungeon)

   Dex:       It affects your dexterity (-3).
   rF:        It protects you from fire.
   rPois:     It protects you from poison.
   rCorr:     It protects you from acid and corrosion.
 c - a +1 buckler
 e - a +0 pair of boots (worn)
 k - a scarf of repulsion (worn)
Jewellery
 o - a +6 ring of dexterity
Scrolls
 d - 2 scrolls of fear
 i - a scroll of noise {unknown}
 j - a scroll of magic mapping
Potions
 h - a potion of magic
 m - a potion of invisibility {unknown}
 n - 2 potions of mutation
 p - a potion of heal wounds {unknown}


   Skills:
 + Level 6.8 Fighting
 + Level 1.8 Short Blades
 + Level 1.8 Long Blades
 + Level 4.9 Axes
 + Level 8.7 Maces & Flails
 + Level 1.8 Polearms
 + Level 1.8 Staves
 + Level 1.8 Ranged Weapons
 + Level 1.8 Throwing
 + Level 1.8 Armour
 + Level 1.8 Dodging
 + Level 1.8 Stealth
 + Level 3.1 Shields
 + Level 1.8 Unarmed Combat
 + Level 1.8 Spellcasting
 + Level 1.4 Conjurations
 + Level 1.4 Hexes
 + Level 1.4 Summonings
 + Level 1.4 Necromancy
 + Level 1.4 Translocations
 + Level 1.4 Transmutations
 + Level 1.4 Fire Magic
 + Level 1.4 Ice Magic
 + Level 1.4 Air Magic
 + Level 1.4 Earth Magic
 + Level 1.4 Poison Magic
 + Level 2.0 Invocations
 + Level 1.8 Evocations


You had 8 spell levels left.
You didn't know any spells.
Your spell library contained the following spells:

 Spells                   Type           Power      Damage    Failure   Level
 Wereblood                Tmut           4%         N/A       100%        2
 Conjure Flame            Conj/Fire      4%         6-21      100%        3
 Ignite Poison            Fire/Tmut/Pois 4%         N/A       100%        3
 Spider Form              Tmut/Pois      4%         N/A       100%        3
 Sticky Flame             Conj/Fire      4%         2d3       100%        4
 Alistair's Intoxication  Tmut/Pois      2%         N/A       100%        5
 Irradiate                Conj/Tmut      2%         3d14      100%        5
 Conjure Ball Lightning   Conj/Air       2%         3x3d6     100%        6
 Iron Shot                Conj/Erth      2%         9d2       100%        6
 Statue Form              Tmut/Erth      2%         N/A       100%        6
 Discord                  Hex            2%         N/A       100%        8
 Disjunction              Tloc           2%         N/A       100%        8


Dungeon Overview and Level Annotations

Branches:
Dungeon (4/15)              Sewer (1/1)
 Temple: D:4-7

Altars:
Sif Muna
Yredelemnul

Annotations:
Sewer Grinder


Innate Abilities, Weirdness & Mutations

You have very sharp teeth.
Your uncanny sense of smell can sniff out nearby items.
Your experience applies equally to all skills.


Message History

Unknown command.
You closely miss Grinder.
Grinder is lightly wounded.
Grinder gestures at you. You resist with significant effort.
You barely miss Grinder. You bite Grinder, but do no damage.
Grinder is lightly wounded.
Grinder hits you but does no damage.
You barely miss Grinder.
Grinder is lightly wounded.
Grinder hits you but does no damage.
You sock Grinder! Your bite misses Grinder.
Grinder is moderately wounded.
Grinder gestures at you. Pain shoots through your body!
The kobold hits you with a +4 short sword.
You thump Grinder!
Grinder is poisoned.
Grinder is severely wounded.
Grinder gestures at you.
You suddenly lose the ability to move!
The kobold barely misses you. Grinder hits you but does no damage.
The kobold hits you with a +4 short sword!
* * * LOW HITPOINT WARNING * * *
You can move again.
Grinder gestures at you. Pain shoots through your body!
* * * LOW HITPOINT WARNING * * *
The kobold completely misses you.
It was a potion of cancellation.
You feel magically purged. The kobold hits you but does no damage.
It was a potion of ambrosia.
You are confused.
You feel invigorated.
Grinder says, "Wait up."
Grinder hits you but does no damage. The kobold hits you but does no damage.
Grinder hits you but does no damage.
You're too confused to move!
Grinder gestures at you. Pain shoots through your body!
You die...

≈≈≈#..§.§..#≈≈≈≈≈≈#
...'.......'....... ∆∆
...'.§._.§.'......?∆ ∆
...'.......'......[
#...§...#≈≈≈≈≈≈#
###.5.##########
#########)#############
#≈≈≈≈≈≈#.5K#≈≈≈≈≈≈#≈≈≈#
#.≈≈≈≈...@..)≈≈≈.≈≈≈≈≈#
#...)..#...#).....#≈≈≈#
#'#######≈#######)#.≈≈#
#......#≈≈≈#....).#≈≈≈#
#≈≈≈≈..#≈≈≈#..≈≈≈≈#≈≈≈#
#≈≈≈≈≈...≈...≈≈≈≈≈#≈≈≈#
#≈≈≈≈≈≈#...#≈≈≈≈≈≈#≈≈≈#
#≈≈≈≈≈≈#...≈≈≈≈≈≈≈#≈≈≈#
#≈≈≈≈≈≈#...#≈≈≈≈≈≈#≈≈≈#


You could see Grinder (very poisoned), a shadow imp and a kobold.

Vanquished Creatures
  A quasit (Sewer)
  A hound (D:3)
  4 adders
  4 shadow imps (Sewer)
  2 ufetubi (Sewer)
  2 dart slugs (D:1)
  6 bats
  4 endoplasms
  10 giant cockroaches
  10 goblins
  7 hobgoblins
  A quokka (D:4)
  10 ball pythons
  2 frilled lizards (D:1)
  12 kobolds
  4 rats
80 creatures vanquished.

Vanquished Creatures (others)
  An endoplasm (Sewer)
  A giant cockroach zombie (Sewer)
2 creatures vanquished.

Grand Total: 82 creatures vanquished

Notes
Turn   | Place    | Note
-------+----------+-------------------------------------------
     0 | D:1      | wilfster70 the Gnoll Wanderer began the quest for the Orb.
     0 | D:1      | wilfster70 set off with the following items: a +2 mace, a
                  | +0 hand axe, a +0 buckler, a scroll of fear, a +0 leather
                  | armour.
     0 | D:1      | Reached XP level 1. HP: 23/23 MP: 1/1
   234 | D:1      | Reached XP level 2. HP: 20/29 MP: 2/2
   591 | D:1      | Found a faded altar of an unknown god.
   795 | D:1      | Reached XP level 3. HP: 35/35 MP: 3/3
  1242 | D:2      | Reached skill level 1 in Invocations
  1563 | D:2      | Identified the +4 chain mail "Ychegih" {rPois rF+ rCorr
                  | Dex-3}
  1751 | D:2      | Reached skill level 1 in Short Blades
  1751 | D:2      | Reached skill level 1 in Long Blades
  1751 | D:2      | Reached skill level 1 in Polearms
  1751 | D:2      | Reached skill level 1 in Staves
  1751 | D:2      | Reached skill level 1 in Ranged Weapons
  1751 | D:2      | Reached skill level 1 in Throwing
  1751 | D:2      | Reached skill level 1 in Armour
  1751 | D:2      | Reached skill level 1 in Dodging
  1751 | D:2      | Reached skill level 1 in Stealth
  1751 | D:2      | Reached skill level 1 in Unarmed Combat
  1751 | D:2      | Reached skill level 1 in Spellcasting
  1751 | D:2      | Reached skill level 1 in Evocations
  1908 | D:2      | Reached XP level 4. HP: 41/41 MP: 5/5
  2088 | D:3      | Reached skill level 1 in Conjurations
  2088 | D:3      | Reached skill level 1 in Hexes
  2088 | D:3      | Reached skill level 1 in Summonings
  2088 | D:3      | Reached skill level 1 in Necromancy
  2088 | D:3      | Reached skill level 1 in Translocations
  2088 | D:3      | Reached skill level 1 in Transmutations
  2088 | D:3      | Reached skill level 1 in Fire Magic
  2088 | D:3      | Reached skill level 1 in Ice Magic
  2088 | D:3      | Reached skill level 1 in Air Magic
  2088 | D:3      | Reached skill level 1 in Earth Magic
  2088 | D:3      | Reached skill level 1 in Poison Magic
  2090 | D:3      | Identified the +7 quarterstaff of the Devouring Sybil
                  | {venom, Dex+3}
  2253 | D:3      | Identified a scroll of acquirement
  2253 | D:3      | Acquired the Disquisition on Unstable Clay
  2479 | D:3      | Found a shimmering blue altar of Sif Muna.
  2479 | D:3      | Found a basalt altar of Yredelemnul.
  2648 | D:4      | Reached XP level 5. HP: 47/47 MP: 7/7
  2710 | D:4      | Found a glowing drain.
  2714 | Sewer    | Entered a sewer
  3203 | Sewer    | Found a burning altar of Makhleb.
  3258 | Sewer    | Noticed Grinder
  3271 | Sewer    | Reached XP level 6. HP: 42/53 MP: 8/8
  3286 | Sewer    | Paralysed by Grinder for 2 turns
  3288 | Sewer    | HP: 1/53 [Grinder/nerve-wracking pain (13)]
  3292 | Sewer    | Killed from afar by Grinder

Illustrated notes

Levels and vault maps discovered:
D:1:      saegor_arrival_under_anarchy, layout_basic, basic_ecumenical_altar
D:2:      layout_basic
D:3:      layout_rooms, gammafunk_temple_overflow_elements
D:4:      layout_basic, gup_sewer_entry_spiral, dreamdust_princess_bridge,
          serial_bayou_pond_d
Sewer:    kennysheep_sewer_church

Skill      XL: |  1  2  3  4  5 |
---------------+----------------+-----
Invocations    | 1 2 |  2.0
Short Blades   | 1 |  1.8
Long Blades    | 1 |  1.8
Polearms       | 1 |  1.8
Staves         | 1 |  1.8
Ranged Weapons | 1 |  1.8
Throwing       | 1 |  1.8
Armour         | 1 |  1.8
Dodging        | 1 |  1.8
Stealth        | 1 |  1.8
Unarmed Combat | 1 |  1.8
Spellcasting   | 1 |  1.8
Evocations     | 1 |  1.8
Conjurations   | 1 |  1.4
Hexes          | 1 |  1.4
Summonings     | 1 |  1.4
Necromancy     | 1 |  1.4
Translocations | 1 |  1.4
Transmutations | 1 |  1.4
Fire Magic     | 1 |  1.4
Ice Magic      | 1 |  1.4
Air Magic      | 1 |  1.4
Earth Magic    | 1 |  1.4
Poison Magic   | 1 |  1.4
Shields        | 3 |  3.1
Fighting       | |  6.8
Axes           | |  4.9
Maces & Flails | |  8.7

Action                   |  1- 3 |  4- 6 || total
-------------------------+-------+-------++-------
Melee: Mace              |    92 |     4 ||    96
       Bite              |     6 |     6 ||    12
       Quarterstaff      |       |    97 ||    97
  Use: Scroll            |     7 |     4 ||    11
       Potion            |       |     3 ||     3
Armor: Leather armour    |    17 |       ||    17
       Chain mail        |    11 |    93 ||   104
Dodge: Dodged            |    32 |    44 ||    76
Block: Buckler           |    11 |     1 ||    12

Table legend: (Time is in decaauts)
 A = Elapsed time spent in this place.
 B = Non-inter-level travel time spent in this place.
 C = Inter-level travel time spent in this place.
 D = Time resting spent in this place.
 E = Time spent auto-exploring this place.
 F = Levels seen in this place.
 G = Mean time per level.
                   A        B        C        D        E       F      G
               +--------+--------+--------+--------+--------+-----+--------+
         Total |   3350 |   3285 |     65 |    616 |   1331 |   5 |  670.0 |
       Dungeon |   2742 |   2677 |     65 |    293 |   1331 |   4 |  685.5 |
         Sewer |    608 |    608 |      0 |    323 |      0 |   1 |  608.0 |
               +--------+--------+--------+--------+--------+-----+--------+

Top non-repeatable levels by time:
     D:1: 1163 daAuts
     D:2: 851 daAuts
   Sewer: 608 daAuts
     D:3: 554 daAuts
     D:4: 172 daAuts
